 Dungeon Crawl Stone Soup version 0.30-a0-1164-ge08a67761e (webtiles) character file.

Game seed: 4856596934567104004

1488 Sobieck the Magician (level 8, 0/43 HPs)
             Began as a Deep Elf Fire Elementalist on Apr 29, 2023.
             Was a Follower of Sif Muna.
             Succumbed to a scorpion's poison
             ... on level 4 of the Dungeon.
             The game lasted 00:10:26 (5204 turns).

Sobieck the Magician (Deep Elf Fire Elementalist)   Turns: 5204, Time: 00:10:27

Health: 0/43       AC:  5    Str:  2 (5)  XL:     8   Next: 51%
Magic:  2/20       EV: 13    Int: 22 (23) God:    Sif Muna [*.....]
Gold:   89         SH:  0    Dex: 17 (18) Spells: 15/21 levels left

rFire   + . .        r - +1 whip of Aphak {spect, rC+ Will+ Dex+3, mace}
rCold   + . .        (no shield)
rNeg    . . .        a - +0 robe
rPois   .            w - +0 helmet
rElec   .            (no cloak)
rCorr   .            E - +0 pair of gloves
SInv    .            F - +0 pair of boots
Will    +....        (no amulet)
Stlth   +++          L - ring of protection from fire
HPRegen 0.27/turn    (no ring)
MPRegen 0.17/turn

%: no passive effects
@: mighty, lethally poisoned (0 -> -3)
A: no striking features
a: Renounce Religion, Channel Magic


You were on level 4 of the Dungeon.
You worshipped Sif Muna.
Sif Muna was aware of your devotion.
You visited 1 branch of the dungeon, and saw 5 of its levels.

You collected 187 gold pieces.
You spent 98 gold pieces at shops.


   Skills:
 + Level 1.5 Fighting
 - Level 3.0 Dodging
 + Level 3.8 Stealth
 - Level 7.0 Spellcasting
 - Level 7.0 Conjurations
 - Level 2.0 Translocations
 - Level 7.0 Fire Magic


You had 15 spell levels left.
You knew the following spells:

 Your Spells              Type           Power      Damage    Failure   Level
a - Foxfire               Conj/Fire      100%       2x1d9     1%          1
b - Scorch                Fire           76%        2d8       1%          2
c - Volatile Blastmotes   Fire/Tloc      54%        2d14      3%          3

Your spell library contained the following spells:

 Spells                   Type           Power      Damage    Failure   Level
 Flame Wave               Conj/Fire      38%        2d10      4%          4
 Inner Flame              Hex/Fire       23%        N/A       6%          3
 Summon Guardian Golem    Hex/Summ       7%         N/A       24%         3
 Orb of Destruction       Conj           19%        9d8       98%         7
 Spellforged Servitor     Conj/Summ      11%        N/A       100%        7

Inventory:

Hand Weapons
 d - a +0 dagger {short}
   (You took it off a goblin on level 1 of the Dungeon)
 e - a +2 dagger of venom {short}
   (You took it off a kobold on level 1 of the Dungeon)
 r - the +1 whip of Aphak (weapon) {spect, rC+ Will+ Dex+3, mace}
   (You found it on level 4 of the Dungeon)

   Dex:       It affects your dexterity (+3).
   rC:        It protects you from cold.
   Will:      It increases your willpower.
Missiles
 h - 4 poisoned darts {throwing}
 q - 22 stones {throwing}
 I - 2 atropa-tipped darts {throwing}
Armour
 a - a +0 robe (worn)
 c - a +0 ring mail
   (You found it on level 1 of the Dungeon)
 g - a +0 troll leather armour
   (You found it on level 4 of the Dungeon)
 i - a +0 ring mail
   (You found it on level 1 of the Dungeon)
 j - a +0 leather armour
   (You took it off an orc on level 4 of the Dungeon)
 k - a +0 robe
   (You found it on level 1 of the Dungeon)
 l - a +0 scale mail
   (You found it on level 1 of the Dungeon)
 p - a +0 robe
   (You found it on level 2 of the Dungeon)
 s - a +0 robe
   (You took it off Sigmund on level 2 of the Dungeon)
 u - a +0 leather armour
   (You found it on level 3 of the Dungeon)
 w - a +0 helmet (worn)
   (You found it on level 3 of the Dungeon)
 x - a +0 ring mail
   (You found it on level 3 of the Dungeon)
 y - a +0 robe
   (You took it off an orc wizard on level 3 of the Dungeon)
 z - a +0 leather armour
   (You took it off an orc on level 3 of the Dungeon)
 A - a +0 robe
   (You found it on level 4 of the Dungeon)
 B - a +0 ring mail
   (You took it off an orc on level 3 of the Dungeon)
 E - a +0 pair of gloves (worn)
   (You bought it in a shop on level 3 of the Dungeon)
 F - a +0 pair of boots (worn)
   (You bought it in a shop on level 3 of the Dungeon)
 G - a +0 robe
   (You found it on level 3 of the Dungeon)
 H - a +0 scale mail
   (You found it on level 3 of the Dungeon)
 N - a +0 ring mail
   (You took it off a gnoll sergeant on level 5 of the Dungeon)
 P - a +0 robe
   (You took it off an orc wizard on level 4 of the Dungeon)
Magical Staves
 M - a staff of death {!astaff}
   (You found it on level 5 of the Dungeon)
Jewellery
 L - a ring of protection from fire (left hand)
   (You found it on level 4 of the Dungeon)
Wands
 v - a wand of light (7)
   (You found it on level 3 of the Dungeon)
 O - a wand of polymorph (11)
   (You found it on level 5 of the Dungeon)
Scrolls
 f - 2 scrolls of teleportation {@r4}
 R - a scroll of identify {@r1}
Potions
 b - a potion of magic
 m - 2 potions of resistance
 n - a potion of brilliance
 o - a potion of invisibility
 D - 2 potions of mutation {!q}
 K - a potion of heal wounds {unknown}
 Q - a potion of attraction {unknown}

Dungeon Overview and Level Annotations

Branches:
Dungeon (5/15) Zot: 24784
 Temple: D:4-7

Altars:
Fedhas
Gozag
Qazlal
Sif Muna
Uskayaw
Vehumet
Wu Jian
Yredelemnul

Shops:
D:3 [   D:5 *

Annotations:
D:5 3 runed translucent doors, hattop's ghost, novice SpEn

.##....................#.......#
.##........................##..#
...........................##..#
...............................#
....#.............#####...##..##
.####.##.####.###.#####...##..#
.# #.##.####.# #....##...##..###
.# #.........###.^..##...##.....
## ####.......s@....##...##..##.
#..###.##.....++...+...##. #..#
#.####...##...#...##. #### #..#
#.# #...##...#...### ...#####..#
### #...##...#...... ...'......#
######...#.....<
...#####..###### #.......##..#..
......##.....).# #.......##..#..
...##.....####.# #.......##..#..


You could see a scorpion (combustible).


Message History

R - a scroll of identify {@r1} You see here a +0 spear {polearm}.
You see here a +0 spear {polearm}.
An orc comes into view. It is wielding a +2 heavy hand axe.
An orc comes into view. It is wielding a +0 club.
Things that are here:
a +0 whip {mace}; a gnoll corpse Danger!
Unknown command.
A centaur and a scorpion come into view.
An orc wizard comes into view. It is wielding a +0 dagger.
Casting: Volatile Blastmotes (dangerous; 3% risk of failure)
Confirm with . or Enter, or press ? or * to list all spells.
A cloud of volatile blastmotes flares up around you!
The centaur closely misses you. The centaur misses you.
The cloud of blastmotes explodes!
The concussive blast engulfs the centaur.
The concussive blast engulfs the orc!
You kill the orc!
Sif Muna accepts your kill. The concussive blast engulfs you! You resist.
The centaur barely misses you.
The centaur kicks you but does no damage.
You hear a shout! x3
Things that are here:
a +0 whip {mace}; a gnoll corpse The centaur wields a +0 shortbow.
The centaur shoots an arrow.
The arrow hits you!
* * * LOW HITPOINT WARNING * * *
Casting: Volatile Blastmotes (dangerous; 3% risk of failure)
Confirm with . or Enter, or press ? or * to list all spells.
A cloud of volatile blastmotes flares up around you!
The centaur shoots an arrow.
The arrow hits you!
* * * LOW HITPOINT WARNING * * *
A jelly comes into view.
The centaur shoots an arrow.
The arrow completely misses you.
The centaur shoots an arrow.
The arrow hits you!
* * * LOW HITPOINT WARNING * * *
You see here a +0 spear {polearm}.
The cloud of blastmotes explodes!
The concussive blast engulfs the centaur!!
You kill the centaur!
Sif Muna accepts your kill.
Your Fighting skill increases to level 1!
Unknown command.
You see here a +0 spear {polearm}.
A centaur comes into view.
Casting: Volatile Blastmotes (dangerous; 3% risk of failure)
Confirm with . or Enter, or press ? or * to list all spells.
A cloud of volatile blastmotes flares up around you!
You hear the brisk rusting of a distant drain.
You hear the rapid hiss of an avalanche of sand very nearby.
The cloud of blastmotes explodes!
The concussive blast engulfs the jelly!!
You kill the jelly!
Sif Muna accepts your kill.
Unknown command.
Found Irghoj's General Store.
Danger!
The orc wizard gestures wildly while chanting.
The orc wizard flickers and vanishes!
Deactivating autopickup; reactivate with Ctrl-A.
There is an escape hatch in the ceiling here.
Unknown command.
The scorpion barely misses you. A mysterious force pulls you upwards.
The hatch slams shut behind you.
Reactivating autopickup.
Unknown command.
Unknown command.
Casting: Volatile Blastmotes (dangerous; 3% risk of failure)
Confirm with . or Enter, or press ? or * to list all spells.
Flames lash the scorpion.
The scorpion's fire resistance burns away.
The scorpion stings you.
* * * LOW HITPOINT WARNING * * *
You are lethally poisoned!
The scorpion poisons you!
Casting: Scorch (safe; 1% risk of failure)
Confirm with . or Enter, or press ? or * to list all spells.
Flames lash the scorpion.
The scorpion is burned terribly!
* * * LOW HITPOINT WARNING * * *
You feel sick. The scorpion closely misses you.
Unknown command.
It was a potion of invisibility.
You fade into invisibility!
* * * LOW HITPOINT WARNING * * *
You feel sick. The scorpion misses you.
Your magical effects are unravelling.
You feel magically purged.
You flicker back into view.
* * * LOW HITPOINT WARNING * * *
You feel sick. The scorpion closely misses you. The scorpion stings you.
* * * LOW HITPOINT WARNING * * *
It was a potion of might.
You feel very mighty all of a sudden.
* * * LOW HITPOINT WARNING * * *
You feel sick. The scorpion closely misses you.
It was a potion of degeneration.
There was something very wrong with that liquid.
You feel weakened.
You feel dopey.
You feel clumsy.
You die...

Skill      XL: |  1  2  3  4  5  6  7  8 |
---------------+-------------------------+-----
Conjurations   | 2 3 4 5 7 |  7.0
Fire Magic     | 4 5 6 7 |  7.0
Translocations | 1 2 |  2.0
Spellcasting   | 4 5 7 |  7.0
Stealth        | 3 |  3.8
Dodging        | 3 |  3.0
Fighting       | 1 |  1.5

Action                     |  1- 3 |  4- 6 |  7- 9 || total
---------------------------+-------+-------+-------++-------
  Melee: Dagger            |     2 |     1 |     4 ||     7
         Punch             |       |       |     1 ||     1
         Whip              |       |       |     1 ||     1
   Cast: Foxfire           |    70 |    54 |   137 ||   261
         Scorch            |       |     1 |    15 ||    16
         Volatile Blastmot |       |       |    10 ||    10
    Use: Scroll            |       |       |    11 ||    11
         Potion            |       |       |     4 ||     4
   Stab: Sleeping          |     1 |       |       ||     1
 Armour: Robe              |     1 |     2 |     9 ||    12
  Dodge: Dodged            |    16 |     3 |    49 ||    68

Levels and vault maps discovered:
D:1:      minmay_arrival_cross, layout_basic, chequers_serial_rivers_large_a,
          reono_crystal_passage
D:2:      layout_loops_corners, basic_altar, shapermc_ecumenical_altar_petra,
          uniq_sigmund
D:3:      layout_rooms, nicolae_qazlal_beasts_of_the_sky, lemuel_tele_altar,
          nicolae_gozag_cash_rules_everything_around_me,
          chequers_temple_overflow_statue_of_worship, serial_shops, shop,
          kennysheep_generic_room_6, uniq_natasha, uniq_grinder
D:4:      layout_basic, nicolae_vehumet_altar_sigil
D:5:      layout_basic, mainiacjoe_overflow_paths, portal_sewer_entry_e,
          serial_shops, shop_statue, enter_ossuary_5, gammafunk_ghost_split,
          hangedman_decor_push, grunt_ministairs_9, nrook_uturn,
          nrook_mini_backslash, amcnicky_mini_pool_small,
          hangedman_abyss_or_decor_stagger, uniq_pikel

Notes
Turn   | Place    | Note
-------+----------+-------------------------------------------
     0 | D:1      | Sobieck the Deep Elf Fire Elementalist began the quest for
                  | the Orb.
     0 | D:1      | Reached XP level 1. HP: 10/10 MP: 6/6
   209 | D:1      | Reached XP level 2. HP: 15/15 MP: 1/8
   405 | D:1      | Learned a level 2 spell: Scorch
   556 | D:1      | Reached skill level 2 in Conjurations
   558 | D:1      | Reached XP level 3. HP: 19/19 MP: 1/10
   562 | D:1      | Learned a level 3 spell: Volatile Blastmotes
  1389 | D:2      | Reached skill level 4 in Fire Magic
  1641 | D:2      | Reached skill level 1 in Translocations
  1733 | D:2      | Reached skill level 4 in Spellcasting
  1733 | D:2      | Reached XP level 4. HP: 24/24 MP: 9/12
  2134 | D:2      | Found an ornate altar of the Wu Jian Council.
  2215 | D:2      | Found a faded altar of an unknown god.
  2465 | D:2      | Noticed Sigmund
  2471 | D:2      | Killed Sigmund
  2472 | D:2      | Reached skill level 3 in Conjurations
  2472 | D:2      | Reached skill level 2 in Translocations
  2472 | D:2      | Reached skill level 5 in Fire Magic
  2472 | D:2      | Reached XP level 5. HP: 28/28 MP: 8/14
  2478 | D:2      | Reached skill level 5 in Spellcasting
  2674 | D:3      | Found Keixoe's Armour Boutique.
  2710 | D:3      | Noticed Grinder
  2718 | D:3      | Killed Grinder
  2719 | D:3      | Reached skill level 4 in Conjurations
  2719 | D:3      | Reached XP level 6. HP: 20/32 MP: 6/16
  2920 | D:3      | Found an opulent altar of Gozag.
  2941 | D:3      | Noticed Natasha
  2945 | D:3      | Killed Natasha
  2946 | D:3      | Reached XP level 7. HP: 32/36 MP: 12/17
  2998 | D:3      | Bought a +0 pair of gloves for 49 gold pieces
  2998 | D:3      | Bought a +0 pair of boots for 49 gold pieces
  3199 | D:3      | Found a hide-covered altar of Uskayaw.
  3290 | D:3      | Noticed Natasha
  3302 | D:3      | Killed Natasha
  3303 | D:3      | Reached skill level 6 in Spellcasting
  3363 | D:3      | Noticed Natasha
  3371 | D:3      | Killed Natasha
  3386 | D:3      | Reached skill level 6 in Fire Magic
  3472 | D:3      | Found a stormy altar of Qazlal.
  3472 | D:3      | Found an ornate altar of the Wu Jian Council.
  3487 | D:3      | You pick up a book of Dangerous Friends and begin
                  | reading...
  3487 | D:3      | You add the spells Summon Guardian Golem, Orb of
                  | Destruction and Spellforged Servitor to your library.
  3583 | D:3      | Found a shimmering blue altar of Sif Muna.
  3584 | D:3      | Found a basalt altar of Yredelemnul.
  3591 | D:3      | Became a worshipper of Sif Muna the Loreminder
  4023 | D:4      | Reached skill level 5 in Conjurations
  4134 | D:4      | Identified the +1 whip of Aphak {spect, rC+ Will+ Dex+3}
  4437 | D:4      | Found a radiant altar of Vehumet.
  4653 | D:5      | Entered Level 5 of the Dungeon
  4693 | D:5      | Noticed a troll
  4703 | D:4      | Killed a troll
  4704 | D:4      | Reached skill level 7 in Spellcasting
  4704 | D:4      | Reached XP level 8. HP: 26/41 MP: 12/20
  4827 | D:5      | Reached skill level 6 in Conjurations
  4827 | D:5      | Reached skill level 7 in Fire Magic
  4837 | D:5      | Reached * piety under Sif Muna
  4869 | D:5      | Found a runed translucent gate.
  4872 | D:5      | Found a runed translucent gate.
  4873 | D:5      | Found a runed translucent gate.
  4888 | D:5      | Found a blossoming altar of Fedhas.
  5110 | D:5      | Noticed hattop's ghost (novice SpEn)
  5121 | D:5      | Reached skill level 7 in Conjurations
  5156 | D:5      | Reached skill level 3 in Stealth
  5163 | D:5      | Reached skill level 3 in Dodging
  5176 | D:5      | HP: 3/42 [centaur/arrow (9)]
  5178 | D:5      | Reached skill level 1 in Fighting
  5191 | D:5      | Found Irghoj's General Store.
  5199 | D:4      | HP: 7/43 [scorpion (3)]
  5201 | D:4      | HP: 3/43 [poisoned by a scorpion]
  5202 | D:4      | HP: 1/43 [scorpion (1)]
  5204 | D:4      | Succumbed to a scorpion's poison

Vanquished Creatures
  A troll (D:4)
  Grinder (D:3)
  Sigmund (D:2)
  A sky beast (D:3)
  An ogre (D:5)
  A centaur (D:5)
  A gnoll sergeant (D:5)
  2 jellies (D:5)
  2 orc priests (D:4)
  An iguana (D:4)
  Natasha (thrice) (D:3)
  3 orc wizards
  5 adders
  14 gnolls
  A shadow imp (D:5)
  3 dart slugs
  16 orcs
  7 endoplasms
  2 giant cockroaches
  9 hobgoblins
  5 jackals (D:1)
  5 kobolds
  4 quokkas
  9 ball pythons
  6 bats
  4 frilled lizards
  11 goblins
  6 rats
125 creatures vanquished.

Vanquished Creatures (others)
  448 foxfires
  A fungus (D:2)
449 creatures vanquished.

Grand Total: 574 creatures vanquished

Table legend:
 A = Non-vault XP
 B = Vault XP
 C = Vault XP percentage of total XP
 D = Non-vault monster count
 E = Vault monster count
 F = Vault count percentage of total count
                 A         B        C        D         E       F
            +---------+---------+-------+---------+---------+-------
      Total |    1457 |     669 |  31.5 |     119 |       6 |   4.8
            +---------+---------+-------+---------+---------+-------
        D:1 |      58 |       0 |   0.0 |      36 |       0 |   0.0
        D:2 |      93 |     226 |  70.8 |      20 |       1 |   4.8
        D:3 |     161 |     443 |  73.3 |      18 |       5 |  21.7
        D:4 |     574 |       0 |   0.0 |      26 |       0 |   0.0
        D:5 |     571 |       0 |   0.0 |      19 |       0 |   0.0
            +---------+---------+-------+---------+---------+-------

Skill      XL: |  1  2  3  4  5  6  7  8 |
---------------+-------------------------+-----
Conjurations   | 2 3 4 5 7 |  7.0
Fire Magic     | 4 5 6 7 |  7.0
Translocations | 1 2 |  2.0
Spellcasting   | 4 5 7 |  7.0
Stealth        | 3 |  3.8
Dodging        | 3 |  3.0
Fighting       | 1 |  1.5

Action                     |  1- 3 |  4- 6 |  7- 9 || total
---------------------------+-------+-------+-------++-------
  Melee: Dagger            |     2 |     1 |     4 ||     7
         Punch             |       |       |     1 ||     1
         Whip              |       |       |     1 ||     1
   Cast: Foxfire           |    70 |    54 |   137 ||   261
         Scorch            |       |     1 |    15 ||    16
         Volatile Blastmot |       |       |    10 ||    10
    Use: Scroll            |       |       |    11 ||    11
         Potion            |       |       |     4 ||     4
   Stab: Sleeping          |     1 |       |       ||     1
 Armour: Robe              |     1 |     2 |     9 ||    12
  Dodge: Dodged            |    16 |     3 |    49 ||    68

Illustrated notes

Table legend:
 A = Kills in this place as a percentage of kills in the entire game.
 B = Kills by you in this place as a percentage of kills by you in the entire game.
 C = Kills by friends in this place as a percentage of kills by friends in the entire game.
 D = Other kills in this place as a percentage of other kills in the entire game.
 E = Experience gained in this place as a percentage of experience gained in the entire game.
 F = Experience gained in this place divided by the number of levels of this place that you have seen.
                   A       B       C       D       E      F
               +-------+-------+-------+-------+-------+----------------------
         Total | 100.0 | 100.0 |   N/A |   N/A | 100.0 | 425.2
       Dungeon | 100.0 | 100.0 |   N/A |   N/A | 100.0 | 425.2
               +-------+-------+-------+-------+-------+----------------------

Table legend: (Time is in decaauts)
 A = Elapsed time spent in this place.
 B = Non-inter-level travel time spent in this place.
 C = Inter-level travel time spent in this place.
 D = Time resting spent in this place.
 E = Time spent auto-exploring this place.
 F = Levels seen in this place.
 G = Mean time per level.
                   A        B        C        D        E       F      G
               +--------+--------+--------+--------+--------+-----+--------+
         Total |   5216 |   5070 |    146 |    487 |   3781 |   5 | 1043.2 |
       Dungeon |   5216 |   5070 |    146 |    487 |   3781 |   5 | 1043.2 |
               +--------+--------+--------+--------+--------+-----+--------+

Top non-repeatable levels by time:
     D:1: 1386 daAuts
     D:2: 1292 daAuts
     D:4: 1208 daAuts
     D:3: 1093 daAuts
     D:5: 234 daAuts
